 Dungeon Crawl Stone Soup version 0.31-a0-675-g238779eb0a (webtiles) character file.

Game seed: 9688152665956858810

115 qw the Shooter (level 5, -4/32 HPs)
             Began as a Gargoyle Hunter on Sept 5, 2023.
             Slain by a gnoll
             ... wielding a +0 flail
              (6 damage)
             ... on level 2 of the Dungeon.
             The game lasted 00:00:34 (1043 turns).

qw the Shooter (Gargoyle Hunter)                    Turns: 1043, Time: 00:00:34

Health: -4/32      AC:  9    Str: 14    XL:     5   Next: 0%
Magic:  5/5        EV: 10    Int: 10    God:
Gold:   55         SH:  0    Dex: 15    Spells: 4/4 levels left

rFire   + . .        a - +0 shortbow
rCold   + . .        (shield currently unavailable)
rNeg    + . .        e - +0 ring mail
rPois   inf          (no helmet)
rElec   +            d - scarf {rC+ rF+}
rCorr   +            (no gloves)
SInv    .            (no boots)
Will    .....        (no amulet)
Stlth   +            i - ring of resist corrosion
HPRegen 0.25/turn    (no ring)
MPRegen 0.09/turn

%: no passive effects
@: no status effects
A: sickness immunity, AC +4, negative energy resistance 1, electricity
resistance, torment resistance 1, petrification resistance
a: no special abilities


You were on level 2 of the Dungeon.
You visited 1 branch of the dungeon, and saw 2 of its levels.

You collected 81 gold pieces.
You spent 26 gold pieces at shops.


Innate Abilities, Weirdness & Mutations

You are immune to sickness and miasma.
Your stone body is resilient. (AC +4)
You are immune to poison.
You resist negative energy. (rN+)
You are resistant to electric shocks. (rElec)
You are resistant to unholy torment.
You are immune to petrification.


   Skills:
 - Level 3.0 Fighting
 + Level 5.7 Ranged Weapons
 - Level 1.0 Armour
 - Level 1.5 Dodging
 - Level 1.1 Stealth


You had 4 spell levels left.
You didn't know any spells.
Your spell library was empty.

Inventory:

Hand Weapons
 a - a +0 shortbow (weapon)
Armour
 c - a +0 helmet
 d - a scarf of resistance (worn)
 e - a +0 ring mail (worn)
Jewellery
 i - a ring of resist corrosion (left hand)
Scrolls
 f - 2 scrolls of identify
 k - a scroll of poison {unknown}
Potions
 b - a potion of haste {unknown}
 g - a potion of curing {unknown}
 h - 2 potions of heal wounds {unknown}
 j - a potion of brilliance {unknown}

Dungeon Overview and Level Annotations

Branches:
Dungeon (2/15)

Altars:

Shops:
D:1 ?


Message History

You shoot an arrow. The arrow closely misses the gnoll.
The arrow hits the gnoll.
The gnoll is lightly wounded.
The gnoll misses you.
A gnoll comes into view. It is wielding a +0 halberd.
The gnoll hits you with a +0 flail.
Enter note:
Enter note: You shoot an arrow.
The arrow hits the gnoll!
The gnoll is almost dead.
The gnoll hits you with a +0 flail.
You shoot an arrow. The arrow closely misses the gnoll.
The arrow barely misses the gnoll.
The arrow hits the gnoll but does no damage.
The gnoll hits you with a +0 flail.
You shoot an arrow.
The arrow hits the gnoll but does no damage.
The gnoll is almost dead.
The gnoll hits you but does no damage.
You shoot an arrow.
The arrow hits the gnoll but does no damage.
The gnoll is almost dead.
The gnoll hits you with a +0 flail. The gnoll barely misses you.
You shoot an arrow.
The arrow hits the gnoll but does no damage.
The gnoll is almost dead.
The gnoll misses you.
You shoot an arrow. The arrow barely misses the gnoll.
The arrow hits the gnoll.
The gnoll is severely wounded.
The gnoll hits you with a +0 flail.
You shoot an arrow. The arrow hits the gnoll.
You kill the gnoll!
You have reached level 5!
You shoot an arrow. The arrow barely misses the gnoll. x2
The gnoll hits you with a +0 flail.
You shoot an arrow. The arrow hits the gnoll.
The gnoll is almost dead.
The gnoll hits you from afar with a +0 halberd!
The gnoll hits you with a +0 flail.
You die...

...........#
#%..#....## ### ##
#)........ ...#.
#.# ##.#.# #.#
###....# #.#
...... #g# #...
#g# #.####
#@######## #.....
#........####.####
########......#
########


You could see 2 gnolls.

Vanquished Creatures
  6 gnolls
  An adder (D:2)
  A worm (D:2)
  A dart slug (D:1)
  2 endoplasms
  2 giant cockroaches (D:1)
  5 goblins
  2 hobgoblins (D:2)
  6 kobolds (D:1)
  5 quokkas
  3 ball pythons
  4 bats
  2 frilled lizards (D:1)
  6 rats
46 creatures vanquished.

Notes
Turn   | Place    | Note
-------+----------+-------------------------------------------
     0 | D:1      | qw the Gargoyle Hunter began the quest for the Orb.
     0 | D:1      | Reached XP level 1. HP: 12/12 MP: 1/1
     0 | D:1      | 0 ||| qw: Version: 0.3-a-75-g829b12e
     0 | D:1      | 0 ||| qw: Game counter: 45
     0 | D:1      | 0 ||| qw: Melee chars always use a shield: true
     0 | D:1      | 0 ||| qw: God list: Okawaru
     0 | D:1      | 0 ||| qw: Allow faded altars: false
     0 | D:1      | 0 ||| qw: Do Orc after clearing Dungeon:15 true
     0 | D:1      | 0 ||| qw: Do second Lair branch before Depths: true
     0 | D:1      | 0 ||| qw: Lair rune preference: random
     0 | D:1      | 0 ||| qw: Goals: Normal
     0 | D:1      | 0 ||| PLANNING D:1-11
    75 | D:1      | Reached XP level 2. HP: 17/17 MP: 2/2
   121 | D:1      | Found Latocwes's Magic Scroll Boutique.
   170 | D:1      | 170 ||| BUYING scroll of identify (26 gold).
   170 | D:1      | Bought a scroll of identify for 26 gold pieces
   170 | D:1      | 170 ||| SHOPLISTING scroll of identify (26 gold, have 1).
   293 | D:1      | Reached XP level 3. HP: 19/21 MP: 3/3
   294 | D:1      | HP: 4/21 [gnoll/+0 flail (9)]
   296 | D:1      | Reached skill level 5 in Ranged Weapons
   613 | D:1      | 613 ||| UPGRADING to scarf of resistance.
   618 | D:1      | 618 ||| UPGRADING to +0 ring mail.
   628 | D:1      | 628 ||| DROPPING +0 leather armour.
   629 | D:1      | 629 ||| UPGRADING to ring of resist corrosion.
   630 | D:1      | 630 ||| DROPPING scroll of butterflies.
   658 | D:2      | 658 ||| STAIRDANCE
   739 | D:2      | Reached skill level 1 in Armour
   824 | D:2      | Reached skill level 3 in Fighting
   824 | D:2      | Reached XP level 4. HP: 28/28 MP: 4/4
  1028 | D:2      | 1028 ||| FLEEEEING.
  1029 | D:2      | 1029 ||| FLEEEEING.
  1030 | D:2      | 1030 ||| FLEEEEING.
  1031 | D:2      | 1031 ||| FLEEEEING.
  1032 | D:2      | 1032 ||| FLEEEEING.
  1042 | D:2      | Reached XP level 5. HP: 10/32 MP: 5/5
  1043 | D:2      | HP: 2/32 [gnoll/+0 halberd (7)]
  1043 | D:2      | Slain by a gnoll

Levels and vault maps discovered:
D:1:      tarquinn_simple_flora_water_d, layout_rooms, serial_shops,
          nicolae_shop_tiny_statue_garden, hex_intersection,
          nicolae_grassy_gnolls
D:2:      layout_loops_ring, minmay_misc_feat_x, kennysheep_doodads,
          uniq_sigmund

Skill      XL: |  1  2  3 |
---------------+----------+-----
Ranged Weapons | 5 |  5.7
Armour         | 1 |  1.0
Fighting       | 3 |  3.0
Dodging        | |  1.5
Stealth        | |  1.1

Action                     |  1- 3 |  4- 6 || total
---------------------------+-------+-------++-------
   Fire: Shortbow          |   103 |    56 ||   159
 Armour: Leather armour    |    27 |       ||    27
         Ring mail         |    10 |    21 ||    31
  Dodge: Dodged            |    28 |    14 ||    42

Table legend:
 A = Non-vault XP
 B = Vault XP
 C = Vault XP percentage of total XP
 D = Non-vault monster count
 E = Vault monster count
 F = Vault count percentage of total count
                 A         B        C        D         E       F
            +---------+---------+-------+---------+---------+-------
      Total |     151 |      14 |   8.5 |      45 |       1 |   2.2
            +---------+---------+-------+---------+---------+-------
        D:1 |      39 |      14 |  26.4 |      24 |       1 |   4.0
        D:2 |     112 |       0 |   0.0 |      21 |       0 |   0.0
            +---------+---------+-------+---------+---------+-------
